 Dungeon Crawl Stone Soup version 0.32-a0-120-gfac0567ad4 (webtiles) character file.

Game seed: 12505449144867169565

1310 Esekla the Covert (level 8, 0/55 HPs)
             Began as an Octopode Delver on Feb 6, 2024.
             Was an Initiate of Gozag.
             Slain by a +4 spectral club (10 damage)
             ... created by Ijyb
             ... while paralysed by Ijyb
             ... on level 5 of the Dungeon.
             The game lasted 00:38:25 (4323 turns).

Esekla the Covert (Octopode Delver)                 Turns: 4323, Time: 00:38:26

Health: 0/55       AC:  1    Str: 12    XL:     8   Next: 58%
Magic:  12/12      EV:  2    Int: 16    God:    Gozag
Gold:   434        SH:  0    Dex: 16    Spells: 13/13 levels left

rFire   + + .        a - +0 falchion
rCold   . . .        (no shield)
rNeg    . . .        (helmet restricted)
rPois   .            j - amulet of the acrobat
rElec   .            o - ring of protection from fire
rCorr   .            A - ring of Namaduuh {Wiz rF+ Int+2 Dex+3}
SInv    .            (no ring)
Will    .....        (no ring)
Stlth   +++++        (no ring)
HPRegen 0.29/turn    (no ring)
MPRegen 0.13/turn    (no ring)
                     (no ring)

%: acrobat, wizardry (x1)
@: paralysed, gold aura
A: almost no armour, amphibious, 8 rings, camouflage 1, gelatinous body 1,
(nimble swimmer 1), tentacles
a: Renounce Religion, Potion Petition, Call Merchant, Bribe Branch


You were on level 5 of the Dungeon.
You worshipped Gozag.
Gozag was aware of your devotion.
You visited 2 branches of the dungeon, and saw 8 of its levels.

You collected 720 gold pieces.
You spent 220 gold pieces at shops.
You paid 66 gold pieces to Gozag.

Inventory:

Hand Weapons
 a - a +0 falchion (weapon)
 r - a +0 trident
 s - a +2 dagger of speed
Missiles
 g - 10 poisoned darts (quivered)
Armour
 e - a +0 buckler
Jewellery
 j - an amulet of the acrobat (around mantle)
 o - a ring of protection from fire (left tentacle)
 A - the ring of Namaduuh (right tentacle) {Wiz rF+ Int+2 Dex+3}
   (You found it on level 2 of the Dungeon)

   [ring of wizardry]

   Wiz:       It improves your spell success rate.
   Int+2:     It affects your intelligence (+2).
   Dex+3:     It affects your dexterity (+3).
   rF+:       It protects you from fire.
Wands
 f - a wand of digging (3)
 i - a wand of acid (6)
Scrolls
 b - a scroll of fog
 c - 4 scrolls of teleportation
 h - a scroll of identify
 k - 2 scrolls of poison {unknown}
 l - a scroll of noise {unknown}
 m - 2 scrolls of enchant weapon {unknown}
 p - 2 scrolls of immolation {unknown}
 y - a scroll of blinking {unknown}
Potions
 d - a potion of haste
 n - 2 potions of experience
 q - 5 potions of curing
 t - a potion of lignification
 v - a potion of brilliance
 w - 2 potions of heal wounds
 x - a potion of cancellation
 z - 2 potions of enlightenment
 B - a potion of magic {unknown}


   Skills:
 * Level 5.0 Fighting
 + Level 1.2(3.7) Short Blades
 * Level 5.6(5.7) Long Blades
 + Level 0.1 Throwing
 * Level 4.2 Dodging
 + Level 10.0 Stealth
 * Level 3.0 Spellcasting


You had 13 spell levels left.
You didn't know any spells.
Your spell library contained the following spells:

 Spells                   Type           Power      Damage    Failure   Level
 Summon Lightning Spire   Summ/Air       2%         N/A       56%         4
 Lee's Rapid Deconstruct  Erth           1%         3d4*      87%         5
 Animate Armour           Summ/Erth      Unusable   N/A       N/A         4

Dungeon Overview and Level Annotations

Branches:
Dungeon (7/15)             Temple (1/1) D:7

Altars:
Ashenzari
Cheibriados
Dithmenos
Fedhas
Gozag
Hepliaklqana
Kikubaaqudgha
Makhleb
Nemelex Xobeh
Qazlal
Sif Muna
Trog
Uskayaw
Vehumet
Wu Jian
Yredelemnul
Zin
The Shining One

Shops:
D:1 !!

Annotations:
D:2 1 runed translucent door, Crazy Yiuf
D:5 Ijyb


Innate Abilities, Weirdness & Mutations

You cannot wear most types of armour.
You are amphibious.
You can wear up to eight rings at the same time.
Your skin changes colour to match your surroundings (Stealth+).
Your rubbery body absorbs attacks. (AC +1, EV +1)
((You are camouflaged when in or above water. (Stealth+)))
You have tentacles for arms and can constrict up to eight enemies at once.


Message History

Your Stealth skill increases to level 10!
Your Spellcasting skill increases to level 3!
You now have 434 gold pieces (gained 6).
Found a helmet.
Your tentacles tingle!
s - a +2 dagger of speed (weapon)
Ijyb shouts!
a - a +0 falchion (weapon)
You closely miss the white imp. You grab the white imp.
You squeeze the white imp.
The white imp is heavily wounded.
You constrict the white imp, but do no damage.
Ijyb screams, "No!
No, no, no, no!"
The white imp hits you. The white imp freezes you.
You hit the white imp.
You kill the white imp!
Ijyb is distracted by your dazzling golden aura.
Ijyb is no longer distracted by gold.
Ijyb zaps a wand.
You resist with some effort.
You see here 6 gold pieces.
You barely miss Ijyb. Your grab misses Ijyb.
Ijyb screams, "Get away!"
Ijyb barely misses you. The +4 spectral club misses you.
A +4 spectral club comes into view.
You barely miss Ijyb. You grab Ijyb.
You feel a little less mighty now.
You constrict Ijyb, but do no damage. Ijyb hits you with a +4 spectral club!
The +4 spectral club barely misses you.
You hit Ijyb but do no damage. You constrict Ijyb, but do no damage.
Ijyb zaps a wand.
You suddenly lose the ability to move!
You lose your grip on Ijyb.
The +4 spectral club disappears.
Ijyb hits you with a +4 spectral club! The +4 spectral club hits you!
* * * LOW HITPOINT WARNING * * *
A +4 spectral club comes into view.
Ijyb hits you with a +4 spectral club.
* * * LOW HITPOINT WARNING * * *
The +4 spectral club hits you!
You die...
Your body crumbles into a pile of gold.

....................#
.......##...........###.
.......##....###........
....#..###...#..........
#...##.###.####.........
##.##........##......#..
.#.....#.#.........#....
......####........###...
............#...@..# ...
............#...g(......
.#......>..............[
.#......................
.#.......................
##......###.......$......
.........#.............. .
......................##...#.
............)...............#


You could see a +4 spectral club and Ijyb.

Vanquished Creatures
  Pikel (D:5)
  Sigmund (D:3)
  Menkaure (D:5)
  A phantom (D:5)
  3 lemures
  A bullfrog (D:7)
  2 scorpions
  2 bombardier beetles
  A hound (D:5)
  4 gnolls (D:4)
  10 adders
  A white imp (D:5)
  2 ufetubi (D:6)
  2 dart slugs
  2 ribbon worms
  5 orcs
  4 ball pythons
  7 bats
  7 endoplasms
  4 giant cockroaches
  8 goblins
  7 hobgoblins
  10 jackals
  5 quokkas
  A frilled lizard (D:3)
  5 kobolds
  6 rats
103 creatures vanquished.

Notes
Turn   | Place    | Note
-------+----------+-------------------------------------------
     0 | D:5      | Esekla the Octopode Delver began the quest for the Orb.
     0 | D:5      | Reached XP level 1. HP: 16/16 MP: 1/1
    48 | D:5      | Noticed Ijyb
    60 | D:5      | Noticed a scorpion
   114 | D:5      | Found the +7 Throatcutter {drain, coup de grace}
   114 | D:5      | Noticed a kobold brigand
   114 | D:5      | Noticed a kobold brigand
   114 | D:5      | Noticed a kobold brigand
   114 | D:5      | Noticed a kobold brigand
   114 | D:5      | Noticed a kobold brigand
   114 | D:5      | Noticed a kobold brigand
   142 | D:5      | Reached XP level 2. HP: 21/21 MP: 2/2
   213 | D:5      | Reached skill level 7 in Stealth
   213 | D:5      | Reached XP level 3. HP: 22/26 MP: 2/4
   251 | D:5      | Noticed a phantom
   314 | D:5      | Noticed Menkaure
   339 | D:5      | Killed a scorpion
   340 | D:5      | Reached skill level 1 in Spellcasting
   340 | D:5      | Reached XP level 4. HP: 31/31 MP: 5/5
   351 | D:5      | Reached XP level 5. HP: 30/36 MP: 6/6
   381 | D:5      | Noticed Pikel
   381 | D:5      | Noticed a lemure
   382 | D:5      | Noticed a lemure
   406 | D:5      | Noticed a lemure
   419 | D:6      | Identified the +1 robe of Cheibriados's Envy {Regen+ Dex-5
                  | Stlth+}
   424 | D:6      | Found a shimmering blue altar of Sif Muna.
   495 | D:4      | Found a blossoming altar of Fedhas.
   495 | D:4      | Found an ornate altar of the Wu Jian Council.
   496 | D:4      | Found a burning altar of Makhleb.
   538 | D:4      | Found a snail-covered altar of Cheibriados.
   609 | D:4      | Reached skill level 8 in Stealth
   610 | D:4      | Found a bloodstained altar of Trog.
   738 | D:4      | Reached XP level 6. HP: 19/43 MP: 8/8
  1473 | D:7      | Found a staircase to the Ecumenical Temple.
  1480 | D:7      | Noticed a water moccasin
  1488 | Temple   | Entered the Ecumenical Temple
  1521 | Temple   | Became a worshipper of Gozag Ym Sagoz the Greedy
  1690 | D:3      | Noticed Sigmund
  2300 | D:2      | Found a faded altar of an unknown god.
  2340 | D:2      | Identified the ring of Namaduuh {Wiz rF+ Int+2 Dex+3}
  2407 | D:2      | Found a runed translucent door.
  2408 | D:2      | Noticed Crazy Yiuf
  2473 | D:1      | Found Coqoes's Distillery.
  2485 | D:1      | Bought a potion of lignification for 33 gold pieces
  2485 | D:1      | Bought a potion of might for 44 gold pieces
  2485 | D:1      | Bought a potion of brilliance for 44 gold pieces
  2485 | D:1      | Bought a potion of curing for 33 gold pieces
  2630 | D:1      | Reached XP level 7. HP: 44/48 MP: 9/9
  2639 | D:1      | Found Afitawk's Distillery.
  2708 | D:1      | Bought a potion of heal wounds for 55 gold pieces
  2708 | D:1      | Bought a potion of degeneration for 11 gold pieces
  3174 | D:3      | Reached skill level 9 in Stealth
  3288 | D:3      | Killed Sigmund
  3319 | D:3      | Found a broken altar of Ashenzari.
  3581 | D:3      | Found a glowing silver altar of Zin.
  3979 | D:5      | Reached skill level 1 in Short Blades
  4282 | D:5      | Killed Pikel
  4283 | D:5      | Reached skill level 5 in Long Blades
  4283 | D:5      | Reached XP level 8. HP: 31/54 MP: 10/12
  4295 | D:5      | Killed Menkaure
  4296 | D:5      | Reached skill level 5 in Fighting
  4296 | D:5      | Reached skill level 10 in Stealth
  4321 | D:5      | Paralysed by Ijyb for 5 turns
  4323 | D:5      | Slain by a +4 spectral club

Illustrated notes

Levels and vault maps discovered:
D:1:      minmay_arrival_shattered_statue, layout_basic, serial_shops,
          nicolae_diamond_shop, nicolae_shop_industrial_runoff
D:2:      layout_rooms, hellmonk_ecumenical_altar_crossroads,
          nicolae_twisty_statue_hallways, uniq_crazy_yiuf_cottage
D:3:      layout_rooms, mainiacjoe_overflow_alcove_4,
          mainiacjoe_overflow_surrounded_room, grunt_ministairs_1,
          bh_walls_and_bars, uniq_sigmund
D:4:      layout_loops_ring, mainiacjoe_overflow_24_doors,
          nicolae_overflow_quartered_altars
D:5:      layout_cave_pools, dilly_guarded_unrand_throatcut, uniq_pikel,
          uniq_blork_the_orc, uniq_menkaure, uniq_ijyb
D:6:      minmay_evil_eye, layout_gridville, xom_teletrap_fun, led_sif_pool,
          serial_shops, shop
D:7:      layout_basic, nicolae_elyvilon_peaceful_grove,
          overflow_temple_1_default, minmay_temple_entry_junction_2,
          kennysheep_another_room, nicolae_the_louvre
Temple:   hellmonk_temple_beads

Skill      XL: |  1  2  3  4  5  6  7  8 |
---------------+-------------------------+-----
Stealth        | 7 8 9 10 | 10.0
Spellcasting   | 1 2 3 |  3.0
Dodging        | 3 4 |  4.2
Fighting       | 4 5 |  5.0
Long Blades    | 3 5 |  5.6
Short Blades   | 1 |  1.2
Throwing       | |  0.1

Action                     |  1- 3 |  4- 6 |  7- 9 || total
---------------------------+-------+-------+-------++-------
  Melee: Falchion          |     8 |    75 |    70 ||   153
         Constrict         |     2 |    23 |    20 ||    45
         Tentacles         |     2 |    16 |    17 ||    35
         Dagger            |     1 |    33 |     9 ||    43
         Punch             |       |     4 |     5 ||     9
  Throw: Dart              |       |     3 |       ||     3
    Use: Scroll            |       |     2 |     4 ||     6
         Potion            |       |     2 |     2 ||     4
   Stab: Sleeping          |     1 |    26 |     6 ||    33
         Distracted        |       |     2 |     1 ||     3
 Armour: Skin              |     3 |    44 |    28 ||    75
  Dodge: Dodged            |     8 |    72 |    39 ||   119

Table legend: (Time is in decaauts)
 A = Elapsed time spent in this place.
 B = Non-inter-level travel time spent in this place.
 C = Inter-level travel time spent in this place.
 D = Time resting spent in this place.
 E = Time spent auto-exploring this place.
 F = Levels seen in this place.
 G = Mean time per level.
                   A        B        C        D        E       F      G
               +--------+--------+--------+--------+--------+-----+--------+
         Total |   4297 |   4141 |    156 |    548 |    483 |   8 |  537.1 |
       Dungeon |   4231 |   4140 |     91 |    548 |    483 |   7 |  604.4 |
        Temple |     66 |      1 |     65 |      0 |      0 |   1 |   66.0 |
               +--------+--------+--------+--------+--------+-----+--------+

Top non-repeatable levels by time:
     D:4: 1420 daAuts
     D:2: 683 daAuts
     D:3: 656 daAuts
     D:5: 656 daAuts
     D:1: 558 daAuts
     D:6: 149 daAuts
     D:7: 107 daAuts
  Temple: 66 daAuts
